 Dungeon Crawl Stone Soup version 0.28-a0-1032-ga8db75c868 (webtiles) character file.

Game seed: 5949662685911475521

1005 Decritt the Skirmisher (level 8, -7/73 HPs)
             Began as a Minotaur Fighter on Dec 5, 2021.
             Was a Follower of the Shining One.
             Mangled by an orc warrior (17 damage)
             ... on level 6 of the Dungeon on Dec 7, 2021.
             The game lasted 00:08:02 (3946 turns).

Decritt the Skirmisher (Minotaur Fighter)           Turns: 3946, Time: 00:08:02

Health: -7/73      AC:  7    Str: 27    XL:     8   Next: 0%
Magic:  7/8        EV: 11    Int:  5    God:    the Shining One [*.....]
Gold:   372        SH:  5    Dex: 14    Spells: 7/7 levels left

rFire   . . .      SeeInvis .   t - +2 trident of Dishonesty {vorpal, rC+ Str+4 Dex+4 Stlth+}
rCold   + . .      Faith    .   c - +0 buckler
rNeg    . . .      Spirit   .   b - +0 scale mail
rPois   .          Reflect  .   (helmet restricted)
rElec   .          Harm     .   (no cloak)
rCorr   .          Rampage  .   (no gloves)
Will    .....                   (no boots)
Stlth   +.........              (no amulet)
HPRegen 0.22/turn               (no ring)
MPRegen 0.11/turn               (no ring)

@: lethally poisoned (-7 -> -42), flying, mesmerised, glowing
A: horns 2, retaliatory headbutt
a: Renounce Religion, Divine Shield


You were on level 6 of the Dungeon.
You worshipped the Shining One.
The Shining One was aware of your devotion.
You visited 2 branches of the dungeon, and saw 7 of its levels.

You collected 372 gold pieces.

Inventory:

Hand Weapons
 a - a +0 war axe
 n - a +2 flail of holy wrath
 t - the +2 trident of Dishonesty (weapon) {vorpal, rC+ Str+4 Dex+4 Stlth+}
   (You found it on level 5 of the Dungeon)

   It inflicts extra damage upon your enemies.
   Str:       It affects your strength (+4).
   Dex:       It affects your dexterity (+4).
   rC:        It protects you from cold.
   Stlth:     It makes you more stealthy.
Missiles
 h - a boomerang (quivered)
Armour
 b - a +0 scale mail (worn)
 c - a +0 buckler (worn)
Scrolls
 e - a scroll of immolation {unknown}
 f - 5 scrolls of identify {unknown}
 i - 2 scrolls of noise {unknown}
 j - 3 scrolls of blinking {unknown}
 m - 2 scrolls of amnesia {unknown}
 o - a scroll of summoning {unknown}
 p - a scroll of fog {unknown}
 r - a scroll of teleportation {unknown}
 s - a scroll of vulnerability {unknown}
Potions
 d - a potion of might
 g - 2 potions of heal wounds {unknown}
 k - 3 potions of haste {unknown}
 l - 2 potions of brilliance {unknown}
 u - a potion of attraction {unknown}
 v - a potion of curing {unknown}


   Skills:
 * Level 7.1 Fighting
 - Level 5.7(5.9) Axes
 + Level 1.8(4.1) Polearms
 * Level 6.1 Armour
 + Level 1.7 Dodging
 + Level 5.5 Shields
 + Level 1.4 Invocations


You had 7 spell levels left.
You didn't know any spells.
Your spell library contained the following spells:

 Spells                   Type           Power      Damage    Failure   Level
 Beastly Appendage        Tmut           0%         N/A       73%         1
 Wereblood                Tmut           0%         N/A       86%         2
 Spider Form              Tmut/Pois      0%         N/A       97%         3


Dungeon Overview and Level Annotations

Branches:
Dungeon (6/15)             Temple (1/1) D:4

Altars:
Ashenzari
Cheibriados
Dithmenos
Elyvilon
Fedhas
Gozag
Kikubaaqudgha
Makhleb
Nemelex Xobeh
Okawaru
Qazlal
Ru
Sif Muna
Trog
Wu Jian
Yredelemnul
Zin
The Shining One

Annotations:
D:6 Maggie


Innate Abilities, Weirdness & Mutations

You have a pair of horns on your head.
You reflexively headbutt those who attack you in melee.


Message History

The orc warrior is moderately wounded.
Maggie casts a spell.
Maggie draws you further into her thrall.
Unknown command.
You throw a boomerang.
The boomerang closely misses the orc warrior.
A jelly comes into view.
You throw a boomerang.
The boomerang closely misses the orc warrior.
The jelly jiggles.
Unknown command.
You reach to attack!
You closely miss the orc warrior.
The orc warrior is moderately wounded.
Maggie mumbles some strange words.
Maggie draws you further into her thrall.
Unknown command.
Unknown command.
You hit the orc warrior.
You headbutt the orc warrior, but do no damage.
The orc warrior is moderately wounded.
The orc warrior barely misses you. Maggie hits you but does no damage.
Unknown command.
You hit the orc warrior. Your headbutt misses the orc warrior.
The orc warrior is heavily wounded.
The orc warrior hits you with a +1 mace of venom!
You are poisoned.
Maggie hits you from afar with a +0 glaive!
* * * LOW HITPOINT WARNING * * *
The orc warrior hits you with a +1 mace of venom!
* * * LOW HITPOINT WARNING * * *
You are lethally poisoned!
It was a potion of flight.
You feel very buoyant.
You fly up into the air.
* * * LOW HITPOINT WARNING * * *
You feel extremely sick.
Maggie hits you from afar with a +0 glaive.
* * * LOW HITPOINT WARNING * * *
The orc warrior hits you with a +1 mace of venom!
You die...

..........# #.... ..#
...#.....# ##... #..###
#.##.....# ##...
##....###.##.....###....
...........###..........
................##......
.....@..........##.#....
................##.#....
.....Jo@.........#.##...
...................###..
................#.#####.
.#######............###.
#.#..........#...
#######..........
##.....#.## #....†#.#
#.......##


You could see Maggie (mesmerising), an orc warrior and a jelly.

Vanquished Creatures
  A black bear (D:6)
  A sky beast (D:6)
  An ogre (D:5)
  A phantom (D:5)
  2 scorpions (D:5)
  A water moccasin skeleton (D:5)
  A howler monkey (D:6)
  2 hounds
  A jelly (D:5)
  An orc priest (D:5)
  3 iguanas
  A bullfrog skeleton (D:5)
  2 orc wizards (D:5)
  11 adders
  2 ufetubi
  2 worms
  6 dart slugs
  4 orcs
  A bat (D:2)
  4 endoplasms
  3 giant cockroaches
  A goblin (D:3)
  2 hobgoblins
  8 jackals
  3 quokkas
  5 ball pythons
  4 frilled lizards
  9 kobolds
  5 rats
88 creatures vanquished.

Notes
Turn   | Place    | Note
-------+----------+-------------------------------------------
     0 | D:1      | Decritt the Minotaur Fighter began the quest for the Orb.
     0 | D:1      | Reached XP level 1. HP: 19/19 MP: 0/0
   201 | D:1      | Reached XP level 2. HP: 26/27 MP: 1/1
   212 | D:1      | Upgraded the game from 0.28-a0-991-g956f0ee3d5 to
                  | 0.28-a0-1032-ga8db75c868
   334 | D:1      | Reached skill level 4 in Fighting
   807 | D:2      | Reached XP level 3. HP: 33/33 MP: 2/2
   907 | D:2      | Found a faded altar of an unknown god.
  1382 | D:3      | Reached XP level 4. HP: 41/41 MP: 3/3
  1964 | D:4      | Found a staircase to the Ecumenical Temple.
  1973 | Temple   | Entered the Ecumenical Temple
  2143 | Temple   | Became a worshipper of the Shining One
  2310 | D:4      | Reached XP level 5. HP: 47/47 MP: 4/4
  2460 | D:4      | Reached skill level 5 in Fighting
  2596 | D:4      | Found an iron altar of Okawaru.
  2934 | D:5      | Entered Level 5 of the Dungeon
  2943 | D:5      | Identified the +2 trident of Dishonesty {vorpal, rC+ Str+4
                  | Dex+4 Stlth+}
  2951 | D:5      | Found an opulent altar of Gozag.
  2972 | D:5      | Noticed a phantom
  2979 | D:5      | Killed a phantom
  2980 | D:5      | Reached XP level 6. HP: 53/56 MP: 5/5
  2983 | D:5      | Reached skill level 5 in Axes
  3068 | D:5      | Reached skill level 5 in Armour
  3131 | D:5      | Reached * piety under the Shining One
  3136 | D:5      | Reached skill level 6 in Fighting
  3148 | D:5      | Reached skill level 5 in Shields
  3152 | D:5      | Reached XP level 7. HP: 27/63 MP: 6/6
  3745 | D:6      | Reached skill level 1 in Polearms
  3745 | D:6      | Reached skill level 1 in Dodging
  3814 | D:6      | Reached skill level 1 in Invocations
  3915 | D:6      | Reached skill level 7 in Fighting
  3935 | D:6      | Reached XP level 8. HP: 56/73 MP: 6/8
  3937 | D:6      | Noticed Maggie
  3946 | D:6      | Mangled by an orc warrior

Illustrated notes

Levels and vault maps discovered:
D:1:      amcnicky_arrival_choice, layout_loops_ring, minmay_tetromino_o4
D:2:      layout_loops_cross, ebering_ecumenical_altar_abandoned
D:3:      layout_basic, kennysheep_generic_room_8
D:4:      layout_loops_corners, mainiacjoe_overflow_chevrons,
          minmay_temple_entry_antechambers
D:5:      layout_basic, grunt_gozag_statues
D:6:      layout_rooms, nicolae_overflow_hidden_temple, st_stairs_11,
          bh_walls_and_bars, uniq_crazy_yiuf_cottage, uniq_maggie
Temple:   eino_temple_scatter_basement

Skill      XL: |  1  2  3  4  5  6  7 |
---------------+----------------------+-----
Fighting       | 4 5 6 7 |  7.1
Axes           | 3 4 5 |  5.7
Armour         | 4 5 6 |  6.1
Shields        | 4 5 |  5.5
Polearms       | 1 |  1.8
Dodging        | 1 |  1.7
Invocations    | 1 |  1.4

Action                   |  1- 3 |  4- 6 |  7- 9 || total
-------------------------+-------+-------+-------++-------
Melee: War axe           |    55 |     2 |       ||    57
       Headbutt          |     8 |    16 |    10 ||    34
       Flail             |       |    28 |       ||    28
       Trident           |       |    25 |    51 ||    76
Throw: Boomerang         |    28 |    70 |    28 ||   126
  Use: Potion            |       |       |     1 ||     1
Armor: Scale mail        |    18 |    13 |    12 ||    43
Dodge: Dodged            |    28 |    15 |    15 ||    58
Block: Buckler           |    13 |    11 |     6 ||    30

Table legend: (Time is in decaauts)
 A = Elapsed time spent in this place.
 B = Non-inter-level travel time spent in this place.
 C = Inter-level travel time spent in this place.
 D = Time resting spent in this place.
 E = Time spent auto-exploring this place.
 F = Levels seen in this place.
 G = Mean time per level.
                   A        B        C        D        E       F      G
               +--------+--------+--------+--------+--------+-----+--------+
         Total |   4019 |   3918 |    101 |      0 |   3272 |   7 |  574.1 |
       Dungeon |   3832 |   3748 |     84 |      0 |   3127 |   6 |  638.7 |
        Temple |    187 |    170 |     17 |      0 |    145 |   1 |  187.0 |
               +--------+--------+--------+--------+--------+-----+--------+

Top non-repeatable levels by time:
     D:4: 869 daAuts
     D:1: 817 daAuts
     D:5: 815 daAuts
     D:3: 561 daAuts
     D:2: 549 daAuts
     D:6: 217 daAuts
  Temple: 187 daAuts
